 Dungeon Crawl Stone Soup version 0.31-a0-187-gba352fbbf7 (webtiles) character file.

Game seed: 1082836087209418753

77 frimble the Sneak (level 4, -4/29 HPs)
             Began as an Octopode Warper on June 22, 2023.
             Engulfed by an orc wizard's steam (10 damage)
             ... on level 4 of the Dungeon.
             The game lasted 00:03:45 (1999 turns).

frimble the Sneak (Octopode Warper)                 Turns: 1999, Time: 00:03:46

Health: -4/29      AC:  1    Str: 10    XL:     4   Next: 34%
Magic:  7/7        EV: 13    Int: 15    God:
Gold:   64         SH:  0    Dex: 13    Spells: 5/7 levels left

rFire   . . .        a - +0 short sword
rCold   . . .        (no shield)
rNeg    . . .        (helmet restricted)
rPois   .            e - amulet of reflection
rElec   .            (no ring)
rCorr   .            (no ring)
SInv    .            (no ring)
Will    .....        (no ring)
Stlth   +++          (no ring)
HPRegen 0.24/turn    (no ring)
MPRegen 0.10/turn    (no ring)
                     (no ring)

%: reflection
@: confused
A: almost no armour, amphibious, 8 rings, camouflage 1, gelatinous body 1,
nimble swimmer 1, tentacles
a: no special abilities


You were on level 4 of the Dungeon.
You visited 1 branch of the dungeon, and saw 4 of its levels.

You collected 64 gold pieces.

Inventory:

Hand Weapons
 a - a +0 short sword (weapon)
Missiles
 c - 2 boomerangs of dispersal (quivered)
Jewellery
 e - an amulet of reflection (around mantle)
 k - an amulet of the acrobat
Scrolls
 b - a scroll of blinking
 d - a scroll of vulnerability
 f - a scroll of teleportation
Potions
 g - a potion of mutation {unknown}
 h - a potion of curing {unknown}
 i - a potion of invisibility {unknown}
 j - a potion of degeneration {unknown}


   Skills:
 - Level 2.0 Fighting
 + Level 3.4 Short Blades
 - Level 1.0 Throwing
 - Level 2.3 Dodging
 + Level 3.8 Stealth
 - Level 2.0 Spellcasting
 - Level 3.0 Translocations


You had 5 spell levels left.
You knew the following spells:

 Your Spells              Type           Power      Damage    Failure   Level
a - Blink                 Tloc           20%        N/A       10%         2

Your spell library contained the following spells:

 Spells                   Type           Power      Damage    Failure   Level
 Lesser Beckoning         Tloc           20%        N/A       10%         2
 Teleport Other           Tloc           10%        N/A       19%         3
 Vhi's Electric Charge    Tloc/Air       12%        N/A       34%         3
 Inner Flame              Hex/Fire       1%         N/A       54%         3
 Manifold Assault         Tloc           10%        N/A       54%         4
 Iskenderun's Battlesphe  Conj           1%         2d6       99%         5
 Yara's Violent Unravell  Hex/Tmut       0%         3d3       99%         5
 Leda's Unmaking          Conj/Erth      0%         9d1       100%        6
 Enfeeble                 Hex            0%         N/A       100%        7
 Spellforged Servitor     Conj/Summ      0%         N/A       100%        7


Dungeon Overview and Level Annotations

Branches:
Dungeon (4/15)
 Temple: D:4-7

Altars:
Elyvilon

Annotations:
D:3 exclusion: 2 orc wizards


Innate Abilities, Weirdness & Mutations

You cannot wear most types of armour.
You are amphibious.
You can wear up to eight rings at the same time.
Your skin changes colour to match your surroundings (Stealth+).
Your rubbery body absorbs attacks. (AC +1, EV +1)
You are camouflaged when in or above water. (Stealth+)
You have tentacles for arms and can constrict up to eight enemies at once.


Message History

You throw a boomerang of dispersal.
The boomerang of dispersal barely misses the orc wizard.
The orc wizard gestures at you while chanting.
The magic dart hits you!
Throw: 4 boomerangs (disperse)
Press: ? - help, Q - select action, (/) - cycle Shift-Dir - straight line, f/p - orc wizard
Aim: an orc wizard, wielding a +0 dagger and wearing a +0 robe (severely wounded, 50% to hit)
You throw a boomerang of dispersal.
The boomerang of dispersal closely misses the orc wizard.
Throw: 3 boomerangs (disperse)
Press: ? - help, Q - select action, (/) - cycle Shift-Dir - straight line, f/p - orc wizard
Aim: an orc wizard, wielding a +0 dagger and wearing a +0 robe (severely wounded, 50% to hit)
You throw a boomerang of dispersal.
The boomerang of dispersal hits the orc wizard and shatters for extra damage.
The orc wizard blinks!
The orc wizard is almost dead.
You enter the deep water.
The orc wizard mumbles some strange words.
The orc wizard flickers and vanishes!
Deactivating autopickup; reactivate with Ctrl-A.
You enter the deep water.
The orc hits you with a +0 club.
The orc hits the plant with a +0 club.
The plant begins to die.
You closely miss the orc. You grab the orc.
You constrict the orc, but do no damage.
You block the orc's attack.
You hit the orc.
The orc is heavily wounded.
You constrict the orc. The orc hits you with a +0 club.
You hit the orc.
You kill the orc!
A nearby plant withers and dies.
You hear some strange, mumbled words.
You are confused.
You hear some strange, mumbled words.
A puff of flame appears from out of thin air!
The puff of flame misses you.
You are engulfed in a cloud of scalding steam.
* * * LOW HITPOINT WARNING * * *
You are engulfed in a cloud of scalding steam.
You die...

##.....P.≈.≈.....#
##......P#≈.≈#!..#
#........P≈.≈....##
+.......P.≈.≈.....##
#........#≈.≈#$.....
##......PP≈.≈o..####
##.......≈.≈)(.#
##...###≈.§#....#
##'####≈.@####.#
#)###≈≈.≈≈## # ##
#.##≈≈...≈≈# ..
##.##≈⌠._.⌠≈#
###.##<..#≈≈...≈≈#
#.........##§≈⌠≈≈##
#.##.#.....##≈≈≈## #
#.#....#####
#.#.#....#


You could see an orc.

Vanquished Creatures
  3 adders
  2 worms
  A dart slug (D:2)
  2 orcs (D:4)
  2 ball pythons
  4 endoplasms
  A giant cockroach (D:3)
  4 goblins
  A hobgoblin (D:1)
  2 quokkas
  4 bats
  12 frilled lizards
  2 kobolds (D:1)
  6 rats
46 creatures vanquished.

Notes
Turn   | Place    | Note
-------+----------+-------------------------------------------
     0 | D:1      | frimble the Octopode Warper began the quest for the Orb.
     0 | D:1      | Reached XP level 1. HP: 14/14 MP: 3/3
    99 | D:1      | Reached skill level 1 in Stealth
   159 | D:1      | Reached XP level 2. HP: 14/19 MP: 5/5
   162 | D:1      | Learned a level 2 spell: Blink
   605 | D:1      | Found a faded altar of an unknown god.
   789 | D:2      | Reached XP level 3. HP: 24/24 MP: 6/6
  1302 | D:3      | Reached XP level 4. HP: 20/29 MP: 7/7
  1782 | D:4      | Found a white marble altar of Elyvilon.
  1811 | D:4      | HP: 1/29 [orc wizard/+0 dagger (1)]
  1999 | D:4      | Engulfed by an orc wizard's steam

Illustrated notes

Levels and vault maps discovered:
D:1:      zaba_arrival_water, layout_basic, nicolae_ecumenical_lake_church,
          minmay_lizard_king
D:2:      layout_rooms, pf_guarded_unrand_delatra
D:3:      minmay_octagon_keep, layout_loops_corners
D:4:      layout_loops_corners, nicolae_elyvilon_temple_path, ashenzari_altar_1,
          mainiacjoe_overflow_catwalk, minmay_temple_entry_statues_pillars

Skill      XL: |  1  2  3 |
---------------+----------+-----
Stealth        | 1 2 3 |  3.8
Short Blades   | 3 |  3.4
Fighting       | |  2.0
Throwing       | |  1.0
Dodging        | |  2.3
Spellcasting   | |  2.0
Translocations | |  3.0

Action                     |  1- 3 |  4- 6 || total
---------------------------+-------+-------++-------
  Melee: Short sword       |    82 |    19 ||   101
         Constrict         |    17 |     4 ||    21
         Tentacles         |    15 |     5 ||    20
  Throw: Boomerang         |       |    15 ||    15
         Dart              |       |     2 ||     2
   Cast: Blink             |     2 |     1 ||     3
    Use: Scroll            |     5 |     1 ||     6
   Stab: Sleeping          |    10 |     3 ||    13
 Armour: Skin              |     2 |       ||     2
  Dodge: Dodged            |    46 |     5 ||    51
  Block: Other             |     1 |     2 ||     3

Table legend: (Time is in decaauts)
 A = Elapsed time spent in this place.
 B = Non-inter-level travel time spent in this place.
 C = Inter-level travel time spent in this place.
 D = Time resting spent in this place.
 E = Time spent auto-exploring this place.
 F = Levels seen in this place.
 G = Mean time per level.
                   A        B        C        D        E       F      G
               +--------+--------+--------+--------+--------+-----+--------+
         Total |   1989 |   1913 |     76 |      0 |   1452 |   4 |  497.2 |
       Dungeon |   1989 |   1913 |     76 |      0 |   1452 |   4 |  497.2 |
               +--------+--------+--------+--------+--------+-----+--------+

Top non-repeatable levels by time:
     D:1: 769 daAuts
     D:3: 610 daAuts
     D:2: 367 daAuts
     D:4: 241 daAuts
